 Dungeon Crawl Stone Soup version 0.28.0-45-g0d030f2227 (webtiles) character file.

Game seed: 13461075314637708474

2 Cykl0x the Digger (level 1, -1/10 HPs)
             Began as a Gargoyle Earth Elementalist on Mar 30, 2022.
             Slain by a quokka (4 damage)
             ... on level 1 of the Dungeon.
             The game lasted 00:00:19 (64 turns).

Cykl0x the Digger (Gargoyle Earth Elementalist)       Turns: 64, Time: 00:00:20

Health: -1/10      AC:  4    Str: 11    XL:     1   Next: 40%
Magic:  0/3        EV: 11    Int: 15    God:
Gold:   0          SH:  0    Dex: 10    Spells: 3/4 levels left

rFire   . . .      SeeInvis .   a - +0 whip
rCold   . . .      Faith    .   (no shield)
rNeg    + . .      Spirit   .   b - +0 robe
rPois   ∞          Reflect  .   (no helmet)
rElec   +          Harm     .   (no cloak)
rCorr   .          Rampage  .   (no gloves)
Will    .....                   (no boots)
Stlth   ++........              (no amulet)
HPRegen 0.03/turn               (no ring)
MPRegen 0.08/turn               (no ring)

@: no status effects
A: sickness immunity, AC +2, negative energy resistance 1, electricity
resistance, torment resistance 1, petrification resistance
a: no special abilities


You were on level 1 of the Dungeon.
You visited 1 branch of the dungeon, and saw 1 of its levels.

Inventory:

Hand Weapons
 a - a +0 whip (weapon)
Missiles
 c - 26 stones
Armour
 b - a +0 robe (worn)


   Skills:
 + Level 1.5 Dodging
 - Level 2.1 Stealth
 + Level 2.0 Spellcasting
 * Level 0.1 Conjurations
 - Level 0.7 Transmutations
 + Level 3.7 Earth Magic


You had 3 spell levels left.
You knew the following spells:

 Your Spells              Type           Power      Damage    Failure   Level
a - Sandblast             Erth           24%        2d8       4%          1

Your spell library contained the following spells:

 Spells                   Type           Power      Damage    Failure   Level
 Passwall                 Tmut/Erth      6%         N/A       13%         2
 Stone Arrow              Conj/Erth      14%        3d7       30%         3
 Petrify                  Tmut/Erth      8%         N/A       65%         4


Dungeon Overview and Level Annotations

Branches:
Dungeon (1/15)

Altars:


Innate Abilities, Weirdness & Mutations

You are immune to sickness and miasma.
Your stone body is resilient. (AC +2)
You are immune to poison.
You resist negative energy. (rN+)
You are resistant to electric shocks. (rElec)
You are resistant to unholy torment.
You are immune to petrification.


Message History

You are very lightly contaminated with residual magic.
Nothing appears to happen.
You miscast Sandblast.
Nothing appears to happen.
The hobgoblin hits you but does no damage.
The blast of sand hits the hobgoblin!
You kill the hobgoblin!
Your magical contamination has completely faded away.
Magic restored.
A quokka and an endoplasm come into view.
Found 27 stones.
You can't see any susceptible monsters within range! (Use Z to cast anyway.)
You can't see any susceptible monsters within range! (Use Z to cast anyway.)
You can't see any susceptible monsters within range! (Use Z to cast anyway.)
The blast of sand hits the endoplasm.
The endoplasm is almost dead.
The blast of sand hits the endoplasm.
You kill the endoplasm!
The blast of sand hits the quokka.
The quokka is severely wounded.
The quokka barely misses you.
You are too depleted to draw on your mana recklessly!
You hit the quokka but do no damage.
The quokka is severely wounded.
The quokka barely misses you.
You barely miss the quokka.
The quokka is severely wounded.
The quokka bites you.
You miss the quokka.
The quokka is severely wounded.
The quokka bites you. The quokka closely misses you.
You barely miss the quokka.
The quokka is severely wounded.
The quokka bites you.
* * * LOW HITPOINT WARNING * * *
You are too injured to fight recklessly!
You are too injured to fight recklessly!
You hit the quokka but do no damage.
The quokka is severely wounded.
The quokka bites you.
You die...

##### ######## #....
######......#
#(...###...##......#
##......#...##......##
........#............#
......r@#............#
.....................#
.......................
.............♣....P###.
........#..♣.......P##
.......#♣...P...♣...P.
..............P..PP.PP.
.....##.....P...P.P.P..
.... #.............♣.


You could see a quokka.

Vanquished Creatures
  An endoplasm (D:1)
  A hobgoblin (D:1)
2 creatures vanquished.

Notes
Turn   | Place    | Note
-------+----------+-------------------------------------------
     0 | D:1      | Cykl0x the Gargoyle Earth Elementalist began the quest for
                  | the Orb.
     0 | D:1      | Reached XP level 1. HP: 10/10 MP: 3/3
    64 | D:1      | Slain by a quokka

Illustrated notes

Levels and vault maps discovered:
D:1:      wander_arrival_fairy_ring, layout_basic,
          dreamdust_ecumenical_altar_statues, chequers_big_river

Action                   || total
-------------------------++-------
Melee: Whip              ||     5
 Cast: Sandblast         ||     4
Armor: Robe              ||     1
Dodge: Dodged            ||     3
